 Dungeon Crawl Stone Soup version 0.28.0-47-ge53b351184 (webtiles) character file.

Game seed: 7073757630240952080

604 issech the Cudgeller (level 7, -5/68 HPs)
             Began as a Troll Fighter on Apr 30, 2022.
             Slain by Blork the orc
             ... wielding a +1 dire flail of holy wrath
              (11 damage)
             ... on level 5 of the Dungeon.
             The game lasted 00:10:43 (3622 turns).

issech the Cudgeller (Troll Fighter)                Turns: 3622, Time: 00:10:43

Health: -5/68      AC:  5    Str: 25    XL:     7   Next: 18%
Magic:  6/6        EV:  9    Int:  4    God:
Gold:   170        SH:  8    Dex: 11    Spells: 6/6 levels left

rFire   . . .      SeeInvis .   a - +0 flail
rCold   . . .      Faith    .   c - +0 kite shield
rNeg    . . .      Spirit   .   b - +0 robe
rPois   .          Reflect  .   (helmet restricted)
rElec   .          Harm     .   u - +0 cloak
rCorr   .          Rampage  .   (gloves unavailable)
Will    .....                   (boots unavailable)
Stlth   +.........              (no amulet)
HPRegen 1.01/turn               (no ring)
MPRegen 0.10/turn               (no ring)

@: no status effects
A: large, unfitting armour, claws 3, regeneration 1, shaggy fur 1, tough skin 1
a: no special abilities


You were on level 5 of the Dungeon.
You visited 1 branch of the dungeon, and saw 5 of its levels.

You collected 170 gold pieces.

Inventory:

Hand Weapons
 a - a +0 flail (weapon)
 m - a +0 hunting sling
 v - a +2 quarterstaff of chaos
 w - a +0 mace
Missiles
 j - 159 stones (quivered)
 q - 21 bolts
 r - 22 arrows
 s - a boomerang
 t - 28 sling bullets
Armour
 b - a +0 robe (worn)
 c - a +0 kite shield (worn)
 u - a +0 cloak (worn)
Scrolls
 f - 3 scrolls of teleportation
 h - a scroll of vulnerability {unknown}
 k - a scroll of torment {unknown}
 l - a scroll of identify {unknown}
 o - a scroll of fear {unknown}
 x - a scroll of magic mapping {unknown}
 y - 2 scrolls of enchant armour {unknown}
 A - a scroll of brand weapon {unknown}
Potions
 d - 3 potions of might
 e - 4 potions of curing {unknown}
 g - a potion of lignification {unknown}
 i - 3 potions of haste {unknown}
 n - a potion of degeneration {unknown}
 p - a potion of flight {unknown}
 z - a potion of brilliance {unknown}


   Skills:
 + Level 3.8 Fighting
 + Level 4.9 Maces & Flails
 + Level 3.4 Dodging
 + Level 0.8 Stealth
 + Level 3.4 Shields


You had 6 spell levels left.
You didn't know any spells.
Your spell library contained the following spells:

 Spells                   Type           Power      Damage    Failure   Level
 Pain                     Necr           0%         1d4       80%         1
 Agony                    Necr           0%         N/A       100%        5
 Excruciating Wounds      Necr           0%         N/A       100%        5
 Summon Forest            Summ/Tloc      0%         N/A       100%        5
 Eringya's Noxious Bog    Tmut/Pois      0%         N/A       100%        6
 Summon Hydra             Summ           0%         N/A       100%        7


Dungeon Overview and Level Annotations

Branches:
Dungeon (5/15)
 Temple: D:4-7

Altars:

Shops:
D:4 [

Annotations:
D:5 Blork the orc


Innate Abilities, Weirdness & Mutations

You are too large for most types of armour.
You have claws for hands.
Your natural rate of healing is unusually fast.
You are covered in fur. (AC +1)
You have tough skin. (AC +1)


Message History

You sock the black bear!
You kill the black bear!
You block Blork the orc's attack. Blork the orc misses you.
You closely miss Blork the orc.
Blork the orc hits you with a +1 dire flail of holy wrath!
You hit Blork the orc.
Blork the orc is lightly wounded.
Blork the orc hits you with a +1 dire flail of holy wrath.
Blork the orc misses you.
You barely miss Blork the orc.
Blork the orc is lightly wounded.
You block Blork the orc's attack. x2
You hit Blork the orc.
Blork the orc is lightly wounded.
Blork the orc barely misses you.
Blork the orc hits you with a +1 dire flail of holy wrath!
You barely miss Blork the orc.
Blork the orc is lightly wounded.
Blork the orc barely misses you.
Blork the orc hits you with a +1 dire flail of holy wrath!
* * * LOW HITPOINT WARNING * * *
You hit Blork the orc.
Blork the orc is moderately wounded.
You block Blork the orc's attack.
Blork the orc hits you with a +1 dire flail of holy wrath!
* * * LOW HITPOINT WARNING * * *
You hit Blork the orc.
Blork the orc is heavily wounded.
Blork the orc closely misses you.
Blork the orc hits you with a +1 dire flail of holy wrath.
* * * LOW HITPOINT WARNING * * *
You hit Blork the orc.
Blork the orc is heavily wounded.
Blork the orc hits you with a +1 dire flail of holy wrath.
* * * LOW HITPOINT WARNING * * *
You block Blork the orc's attack.
You thump Blork the orc!
Blork the orc is severely wounded.
Blork the orc hits you with a +1 dire flail of holy wrath!
You die...

..#
..#
...
#.#
#.#
#Z#
#o#
#@#
#<#
#>#
#.#
..#
###


You could see Blork the orc (fast) and a water moccasin skeleton.

Vanquished Creatures
  An ice beast (D:4)
  A black bear (D:5)
  A phantom (D:4)
  A jelly (D:4)
  An orc priest (D:3)
  A hound (D:4)
  Crazy Yiuf (D:3)
  3 iguanas
  An orc wizard (D:3)
  An adder (D:5)
  4 gnolls
  A white imp (D:5)
  3 worms
  2 dart slugs
  4 orcs (D:3)
  3 bats
  An endoplasm (D:4)
  4 giant cockroaches (D:3)
  8 goblins
  8 hobgoblins
  2 jackals (D:3)
  5 quokkas
  4 ball pythons
  6 kobolds
  5 rats
72 creatures vanquished.

Notes
Turn   | Place    | Note
-------+----------+-------------------------------------------
     0 | D:1      | issech the Troll Fighter began the quest for the Orb.
     0 | D:1      | Reached XP level 1. HP: 22/22 MP: 0/0
   200 | D:1      | Reached skill level 2 in Maces & Flails
   244 | D:1      | Reached XP level 2. HP: 29/29 MP: 1/1
  1654 | D:3      | Reached XP level 3. HP: 36/36 MP: 2/2
  1876 | D:2      | Reached skill level 3 in Maces & Flails
  1876 | D:2      | Reached XP level 4. HP: 44/44 MP: 3/3
  2063 | D:3      | Reached XP level 5. HP: 9/52 MP: 4/4
  2458 | D:3      | Found a runed translucent door.
  2459 | D:3      | Noticed Crazy Yiuf
  2991 | D:3      | Killed Crazy Yiuf
  3180 | D:4      | Reached XP level 6. HP: 60/61 MP: 5/5
  3218 | D:4      | Noticed an ice beast
  3254 | D:4      | Reached skill level 4 in Maces & Flails
  3262 | D:4      | Killed an ice beast
  3573 | D:4      | Found Giskin's Antique Armour Shoppe.
  3586 | D:5      | Entered Level 5 of the Dungeon
  3597 | D:5      | Reached XP level 7. HP: 51/68 MP: 6/6
  3604 | D:5      | Noticed Blork the orc
  3622 | D:5      | Slain by Blork the orc

Illustrated notes

Levels and vault maps discovered:
D:1:      noname_arrival_rooms_in_the_neighbourhood, layout_basic,
          hangedman_decor_peaks_small
D:2:      layout_basic
D:3:      layout_loops_ring, moated_statue, uniq_crazy_yiuf_cottage
D:4:      layout_rooms, serial_shops, nicolae_shop_trees
D:5:      layout_basic, serial_co_window_serial, co_window_corner_a,
          co_window_paths_b, co_window_corner_a, co_window_corner_a,
          co_window_paths_a, co_window_corner_b, co_window_cross_4,
          co_window_unsneaky_path_b, co_window_of_opportunity_c,
          glass_columns_b, glass_columns_a, glass_columns_c, glass_columns_b,
          kennysheep_nub, uniq_blork_the_orc

Skill      XL: |  1  2  3  4  5  6 |
---------------+-------------------+-----
Maces & Flails | 2 3 4 |  4.9
Shields        | 3 |  3.4
Dodging        | 3 |  3.4
Fighting       | 3 |  3.8
Stealth        | |  0.8

Action                   |  1- 3 |  4- 6 |  7- 9 || total
-------------------------+-------+-------+-------++-------
Melee: Flail             |   106 |   183 |    26 ||   315
Throw: Stone             |       |     1 |       ||     1
  Use: Scroll            |     1 |       |       ||     1
 Stab: Sleeping          |     1 |     1 |       ||     2
Armor: Robe              |    40 |    63 |    13 ||   116
Dodge: Dodged            |    38 |    79 |    15 ||   132
Block: Kite shield       |    52 |    65 |    13 ||   130
